 Dungeon Crawl Stone Soup version 0.27.0-1-g7a089689b8 (webtiles) character file.

Game seed: 16606620169821406464

159 HoaS the Twirler (level 5, -11/30 HPs)
             Began as a Gargoyle Gladiator on Aug 12, 2021.
             Mangled by an ogre (13 damage)
             ... on level 4 of the Dungeon.
             The game lasted 00:05:02 (2520 turns).

HoaS the Twirler (Gargoyle Gladiator)               Turns: 2520, Time: 00:05:02

Health: -11/30     AC: 14    Str: 18    XL:     5   Next: 40%
Magic:  5/5        EV:  7    Int:  9    God:
Gold:   132        SH:  0    Dex: 11    Spells: 4/4 levels left

rFire    + . .     SeeInvis .   a - +2 quarterstaff
rCold    . . .     Faith    .   (shield currently unavailable)
rNeg     + . .     Spirit   .   m - +0 chain mail
rPois    ∞         Reflect  .   c - +1 helmet
rElec    +         Harm     .   (no cloak)
rCorr    .         Rampage  .   (no gloves)
Will     .....                  (no boots)
Stlth    ..........             (no amulet)
HPRegen  0.10/turn              o - ring of protection from fire
MPRegen  0.09/turn              (no ring)

@: no status effects
A: sickness immunity, AC +4, negative energy resistance 1, electricity
resistance, torment resistance 1, petrification resistance
a: no special abilities


You were on level 4 of the Dungeon.
You visited 1 branch of the dungeon, and saw 4 of its levels.

You collected 132 gold pieces.

Inventory:

Hand Weapons
 a - a +2 quarterstaff (weapon)
Missiles
 d - 3 throwing nets (quivered)
 h - 32 arrows
 j - 4 boomerangs
 k - 15 poisoned darts
Armour
 c - a +1 helmet (worn)
 m - a +0 chain mail (worn)
Jewellery
 o - a ring of protection from fire (left hand)
Scrolls
 e - 2 scrolls of teleportation
Potions
 b - 2 potions of haste {unknown}
 f - a potion of berserk rage {unknown}
 g - a potion of ambrosia
 i - a potion of curing
 l - a potion of invisibility {unknown}
 n - a potion of flight {unknown}


   Skills:
 - Level 2.1 Fighting
 + Level 5.9 Staves
 - Level 1.7 Throwing
 - Level 2.4 Dodging


You had 4 spell levels left.
You didn't know any spells.
Your spell library contained the following spells:

 Spells                   Type           Power      Damage    Failure   Level
 Freeze                   Ice            0%         1d3       100%        1
 Frozen Ramparts          Ice            0%         1d2       100%        3
 Gell's Gravitas          Tloc           0%         N/A       100%        3
 Lesser Beckoning         Tloc           0%         N/A       100%        3
 Teleport Other           Tloc           0%         N/A       100%        3
 Hailstorm                Conj/Ice       0%         3d3       100%        4


Dungeon Overview and Level Annotations

Branches:
Dungeon (4/15)
 Temple: D:4-7

Altars:


Innate Abilities, Weirdness & Mutations

You are immune to sickness and miasma.
Your stone body is resilient. (AC +4)
You are immune to poison.
You resist negative energy. (rN+)
You are resistant to electric shocks. (rElec)
You are resistant to unholy torment.
You are immune to petrification.


Message History

The orc shouts!
The orc moves out of view.
An orc is nearby!
An orc priest comes into view. It is wielding a +0 short sword.
The orc priest shouts!
The orc priest picks up a scroll labelled INLOAD SOITAI.
There is a stone staircase leading up here.
o - a ring of protection from fire (left hand)
You hit the orc.
The orc is heavily wounded.
The orc hits you but does no damage.
You hit the orc.
The orc is severely wounded.
You hit the orc.
The orc is heavily wounded.
The orc priest begins to cast a cantrip, but forgets the words!
You sock the orc!
You kill the orc!
The orc hits you but does no damage.
An ogre comes into view. It is wielding a +0 giant spiked club.
The ogre shouts!
There is a stone staircase leading up here.
The orc hits you but does no damage.
You climb upwards.
There is a stone staircase leading down here.
You hit the orc.
You kill the orc!
No target in view!
You start resting.
HP restored.
You climb downwards.
A hobgoblin comes into view.
The hobgoblin shouts!
The ogre hits you with a +0 giant spiked club!!
Ouch! That really hurt!
* * * LOW HITPOINT WARNING * * *
An endoplasm comes into view.
There is a stone staircase leading up here.
The ogre hits you with a +0 giant spiked club!
You die...

#........
+.####.#.#
#<...#.#.# .
###...#.#.# ##..
####.....#.#.##....
...........#.#.....
.#.......[.........
#.#........O#.....
.......####@)g.....
##.#.... ####.....
#+#o.. .... .....
.J .o.... ...#..


You could see an ogre, an endoplasm and a hobgoblin.

Vanquished Creatures
  An orc priest (D:3)
  An orc wizard (D:3)
  An adder (D:3)
  12 dart slugs
  5 orcs
  6 endoplasms
  3 giant cockroaches
  8 goblins
  5 hobgoblins
  6 jackals
  A quokka (D:1)
  6 ball pythons
  3 bats
  A frilled lizard (D:1)
  4 kobolds
  3 rats
66 creatures vanquished.

Notes
Turn   | Place    | Note
-------+----------+-------------------------------------------
     0 | D:1      | HoaS the Gargoyle Gladiator began the quest for the Orb.
     0 | D:1      | Reached XP level 1. HP: 12/12 MP: 1/1
    83 | D:1      | Reached XP level 2. HP: 17/17 MP: 2/2
   262 | D:1      | Reached skill level 4 in Staves
   363 | D:1      | Reached XP level 3. HP: 21/21 MP: 3/3
  1557 | D:3      | Reached XP level 4. HP: 23/26 MP: 4/4
  1623 | D:3      | Found a faded altar of an unknown god.
  1640 | D:3      | Reached skill level 5 in Staves
  1852 | D:3      | Reached XP level 5. HP: 15/30 MP: 5/5
  2484 | D:4      | Noticed an ogre
  2520 | D:4      | Mangled by an ogre

Illustrated notes

Levels and vault maps discovered:
D:1:      ncdulo_lavacross, layout_rooms, minmay_pentomino_u2
D:2:      layout_basic
D:3:      kennysheep_slugbush, layout_basic, hellmonk_ecumenical_altar_zigzags
D:4:      layout_basic, mainiacjoe_overflow_alcove_3,
          gammafunk_temple_overflow_wave, minmay_temple_entry_poolview,
          serial_shops, shop, hangedman_abyss_or_decor_jellyfish_corner,
          grunt_decor_mini_mirrors, kennysheep_orc_chapel

Skill      XL: |  1  2  3  4 |
---------------+-------------+-----
Staves         | 4 5 |  5.9
Fighting       | |  2.1
Throwing       | |  1.7
Dodging        | |  2.4

Action                   |  1- 3 |  4- 6 || total
-------------------------+-------+-------++-------
Melee: Quarterstaff      |    88 |    67 ||   155
  Use: Scroll            |     9 |       ||     9
Armor: Leather armour    |    16 |       ||    16
       Chain mail        |    13 |    54 ||    67
Dodge: Dodged            |    43 |    23 ||    66
